 Dungeon Crawl Stone Soup version 0.24-a0-245-gb50751227d (webtiles) character file.

Game seed: 13418049843848388514

109 Redear the Ducker (level 4, -9/30 HPs)
             Began as an Octopode Warper on Apr 12, 2019.
             Mangled by an ogre
             ... wielding a +0 giant spiked club
              (23 damage)
             ... on level 3 of the Dungeon.
             The game lasted 00:05:07 (2305 turns).

Redear the Ducker (Octopode Warper)                 Turns: 2305, Time: 00:05:08

Health: -9/30      AC:  1    Str: 10    XL:     4   Next: 90%
Magic:  7/7        EV: 14    Int: 15    God:
Gold:   122        SH:  0    Dex: 12    Spells: 7/7 levels left

rFire    . . .     SeeInvis .   a - +0 falchion
rCold    . . .     Gourm    .   (no shield)
rNeg     . . .     Faith    .   (helmet restricted)
rPois    .         Spirit   .   (no amulet)
rElec    .         Reflect  .   (no ring)
rCorr    .         Harm     .   (no ring)
MR       .....                  (no ring)
Stlth    +++.......             (no ring)
HPRegen  0.10/turn              (no ring)
MPRegen  0.10/turn              (no ring)
                                (no ring)
                                (no ring)

@: no status effects
A: almost no armour, stealthy swim, amphibious, 8 rings, constrict 8, camouflage
1, gelatinous body 1
a: no special abilities


You were on level 3 of the Dungeon.
You were not hungry.

You visited 1 branch of the dungeon, and saw 4 of its levels.

You collected 122 gold pieces.

Inventory:

Hand Weapons
 a - a +0 falchion (weapon)
Missiles
 c - 64 stones
 d - 5 tomahawks of dispersal (quivered)
Armour
 n - a cursed +0 shield
Jewellery
 m - a +2 ring of strength {unknown}
Scrolls
 b - 3 scrolls of enchant weapon {unknown}
 f - a scroll of noise {unknown}
 g - 2 scrolls of identify {unknown}
 h - a scroll of remove curse {unknown}
 k - a scroll of teleportation {unknown}
 B - 2 scrolls of blinking {@r4}
Potions
 e - a potion of might {unknown}
 i - a potion of invisibility {unknown}
 l - a potion of flight {unknown}
 Q - a potion of curing {@q2}
Comestibles
 z - 3 rations


   Skills:
 + Level 2.8 Fighting
 + Level 2.8 Long Blades
 - Level 1.0 Throwing
 + Level 3.2 Dodging
 + Level 2.9 Stealth
 + Level 0.7 Shields
 - Level 2.0 Spellcasting
   Level 3.0 Translocations


You had 7 spell levels left.
You didn't know any spells.
Your spell library contained the following spells:

 Spells                   Type           Power        Failure   Level  Hunger
 Blink                    Tloc           N/A          10%         2    ###....
 Shroud of Golubria       Chrm/Tloc      #.........   19%         2    ###....
 Gell's Gravitas          Tloc           ##........   19%         3    ###....
 Lesser Beckoning         Tloc           ##........   19%         3    ###....
 Teleport Other           Tloc           ##......     19%         3    ###....
 Passage of Golubria      Tloc           N/A          54%         4    #####..


Dungeon Overview and Level Annotations

Branches:
Dungeon (4/15)
 Temple: D:4-7

Altars:
Ashenzari
Dithmenos
Elyvilon
Ru
Uskayaw


Innate Abilities, Weirdness & Mutations

You cannot wear most types of armour.
You are very stealthy in the water. (Stealth+)
You are amphibious.
You can wear up to eight rings at the same time.
You can use your tentacles to constrict eight enemies at once.
Your skin changes colour to match your surroundings (Stealth+).
Your rubbery body absorbs attacks. (AC +1, EV +1)


Message History

Q - a potion of curing You constrict the leopard gecko.
The leopard gecko barely misses you. The phantom barely misses you.
You regained 5 hp, and now have 22/30 hp.
You closely miss the phantom. You squeeze the phantom!
The phantom is moderately damaged.
You constrict the leopard gecko.
You kill the leopard gecko!
The phantom hits you!
The phantom blinks!
You take 9 damage, and have 13/30 hp.
MASSIVE DAMAGE!!
There is a stone staircase leading up here.
You climb upwards.
There is a stone staircase leading down here.
You see here a +0 dagger.
Okay, then.
You hit the ogre.
The ogre is moderately wounded.
The ogre hits you with a +0 giant spiked club!!
Ouch! That really hurt!
You die...

.######.............#.####.#
#...
...⌠#⌠...........####..#
#.###... ..#####..........#
##.###..##...
.'#.#.#'....[...>#
#..###......
##..#..##........##
##.######...
#.._#_..#⌠........## #..#
##.. ##########.........##
##.# ###
#.._#_..#⌠......O...# #.# ##
##..#..##.......@...# #.#
##. .'#.#.#'............#
#.# #..
..#####..#..........# #.##
###.# ...⌠#⌠..............#
#..###...#
.##########........##
##.##..### ## ##........##
#.##.## # #..........#
###..#.#### # #..........#
#.........# # #..........#
#.........#


You could see an ogre.

Vanquished Creatures
  A worker ant (D:3)
  2 adders (D:2)
  A worm (D:3)
  2 leopard geckos
  3 orcs (D:3)
  2 ball pythons
  4 bats
  2 giant cockroaches (D:2)
  11 goblins
  6 hobgoblins
  4 jackals (D:2)
  A quokka (D:3)
  6 frilled lizards
  5 kobolds
  5 rats
55 creatures vanquished.

Notes
Turn   | Place    | Note
-------+----------+-------------------------------------------
     0 | D:1      | Redear the Octopode Warper began the quest for the Orb.
     0 | D:1      | Reached XP level 1. HP: 14/14 MP: 3/3
    99 | D:1      | Reached skill level 1 in Stealth
   106 | D:1      | Reached XP level 2. HP: 19/19 MP: 5/5
   605 | D:2      | Reached XP level 3. HP: 24/25 MP: 6/6
   653 | D:2      | Reached skill level 2 in Stealth
  1080 | D:2      | Reached skill level 3 in Dodging
  1080 | D:2      | Reached XP level 4. HP: 26/30 MP: 7/7
  1506 | D:3      | Found a white marble altar of Elyvilon.
  1506 | D:3      | Found a shattered altar of Ashenzari.
  1507 | D:3      | Found a sacrificial altar of Ru.
  1614 | D:3      | Found a shadowy altar of Dithmenos.
  2194 | D:3      | Found a hide-covered altar of Uskayaw.
  2263 | D:3      | Found a faded altar of an unknown god.
  2283 | D:4      | Noticed a phantom
  2287 | D:4      | Noticed an ogre
  2305 | D:3      | Mangled by an ogre

Levels and vault maps discovered:
D:1:      eino_arrival_cavern_d, layout_loops_ring, minmay_misc_feat_five
D:2:      layout_basic, first_ration
D:3:      layout_rooms, old_standard_altar, nicolae_overflow_quartered_altars,
          chequers_ecumenical_altar_grove
D:4:      layout_basic, ebering_ghost_sewer_d

Skill      XL: |  1  2  3 |
---------------+----------+-----
Stealth        | 1 2 |  2.9
Dodging        | 3 |  3.2
Fighting       | |  2.8
Long Blades    | |  2.8
Throwing       | |  1.0
Shields        | |  0.7
Spellcasting   | |  2.0
Translocations | |  3.0

Action                   |  1- 3 |  4- 6 || total
-------------------------+-------+-------++-------
Melee: Falchion          |    47 |    47 ||    94
       Constrict         |    14 |    11 ||    25
       Tentacles         |     6 |     4 ||    10
  Use: Potion            |       |     1 ||     1
 Stab: Sleeping          |    13 |     7 ||    20
  Eat: Ration            |       |     1 ||     1
       Chunk             |       |     1 ||     1
Armor: Skin              |     3 |     2 ||     5
Dodge: Dodged            |    32 |    39 ||    71
       Rpst.: Falchion   |    14 |     7 ||    21

Table legend:
 A = Non-vault XP
 B = Vault XP
 C = Vault XP percentage of total XP
 D = Non-vault monster count
 E = Vault monster count
 F = Vault count percentage of total count
                 A         B        C        D         E       F
            +---------+---------+-------+---------+---------+-------
      Total |     157 |       0 |   0.0 |      55 |       0 |   0.0
            +---------+---------+-------+---------+---------+-------
        D:1 |      31 |       0 |   0.0 |      19 |       0 |   0.0
        D:2 |      57 |       0 |   0.0 |      19 |       0 |   0.0
        D:3 |      65 |       0 |   0.0 |      15 |       0 |   0.0
        D:4 |       4 |       0 |   0.0 |       2 |       0 |   0.0
            +---------+---------+-------+---------+---------+-------
